 Dungeon Crawl Stone Soup version 0.30.0-29-ga12c61a403 (webtiles) character file.

Game seed: 4372192704384363214

30 leafyfresh the Covert (level 3, -15/35 HPs)
             Began as a Gnoll Delver on June 15, 2023.
             Killed from afar by Edmund (20 damage)
             ... with a bolt of dispelling energy
             ... on level 5 of the Dungeon.
             The game lasted 00:00:15 (60 turns).

leafyfresh the Covert (Gnoll Delver)                  Turns: 60, Time: 00:00:16

Health: -15/35     AC:  3    Str: 11    XL:     3   Next: 18%
Magic:  4/4        EV: 13    Int:  9    God:
Gold:   0          SH:  0    Dex: 15    Spells: 3/3 levels left

rFire   . . .        a - +0 short sword
rCold   . . .        (no shield)
rNeg    . . .        b - +0 leather armour
rPois   .            (no helmet)
rElec   .            (no cloak)
rCorr   .            (no gloves)
SInv    .            (no boots)
Will    .....        (no amulet)
Stlth   ++++         (no ring)
HPRegen 0.25/turn    (no ring)
MPRegen 0.09/turn

%: no passive effects
@: no status effects
A: fangs 1, strong nose, distributed training
a: no special abilities


You were on level 5 of the Dungeon.
You visited 1 branch of the dungeon, and saw 1 of its levels.

Inventory:

Hand Weapons
 a - a +0 short sword (weapon)
Armour
 b - a +0 leather armour (worn)
Wands
 g - a wand of digging (3)
Scrolls
 c - a scroll of fog
 d - a scroll of magic mapping
 e - a scroll of fear
Potions
 f - a potion of haste


   Skills:
 + Level 6.5 Fighting
 + Level 4.5 Short Blades
 + Level 0.7 Long Blades
 + Level 0.7 Axes
 + Level 0.7 Maces & Flails
 + Level 0.7 Polearms
 + Level 0.7 Staves
 + Level 0.7 Ranged Weapons
 + Level 0.7 Throwing
 + Level 0.7 Armour
 + Level 4.5 Dodging
 + Level 9.5 Stealth
 + Level 0.7 Shields
 + Level 0.7 Unarmed Combat
 + Level 0.7 Spellcasting
 + Level 0.5 Conjurations
 + Level 0.5 Hexes
 + Level 0.5 Summonings
 + Level 0.5 Necromancy
 + Level 0.5 Translocations
 + Level 0.5 Transmutations
 + Level 0.5 Fire Magic
 + Level 0.5 Ice Magic
 + Level 0.5 Air Magic
 + Level 0.5 Earth Magic
 + Level 0.5 Poison Magic
 + Level 0.9 Invocations
 + Level 0.7 Evocations


You had 3 spell levels left.
You didn't know any spells.
Your spell library was empty.

Dungeon Overview and Level Annotations

Branches:
Dungeon (5/15)
 Temple: D:4-7

Altars:
Trog

Annotations:
D:5 Edmund


Innate Abilities, Weirdness & Mutations

You have very sharp teeth.
Your uncanny sense of smell can sniff out nearby items.
Your experience applies equally to all skills.


Message History

You kill the jelly!
You have reached level 2!
You have reached level 3!
Your experience leads to an increase in your attributes!
Increase (S)trength, (I)ntelligence, or (D)exterity?
You feel agile. x2
Magic restored.
Edmund the Younger comes into view.
He is wielding a +2 flail of protection and carrying a wand of quicksilver (6).
Found a stone staircase leading up.
Edmund is nearby!
The helpless Edmund fails to defend himself.
You impale Edmund!!
Edmund is severely wounded.
Edmund zaps a wand.
The bolt of dispelling energy misses you.
You closely miss Edmund.
Edmund is severely wounded.
Edmund zaps a wand.
The bolt of dispelling energy hits you!!
Ouch! That really hurt!
Unknown command.
You hit Edmund but do no damage.
Edmund is severely wounded.
Edmund zaps a wand.
The bolt of dispelling energy misses you.
Unknown command.
You hit Edmund but do no damage.
Edmund is severely wounded.
Unknown command.
You hit Edmund but do no damage.
Edmund is severely wounded.
Edmund hits you with a +2 flail of protection!
* * * LOW HITPOINT WARNING * * *
Unknown command.
You hit Edmund but do no damage.
Edmund is severely wounded.
Edmund zaps a wand.
The bolt of dispelling energy hits you!!
Ouch! That really hurt!
You die...

##.# ...##
###....# #......##
######........
##...#......<..
#.......@......
###....##@.......
##................
.................
#...............
#...............
##..............
#....≈≈≈≈≈≈≈≈≈.
#............≈.
##...≈.#####.≈.


You could see Edmund.

Vanquished Creatures
  A jelly (D:5)
1 creature vanquished.

Notes
Turn   | Place    | Note
-------+----------+-------------------------------------------
     0 | D:5      | Reached skill level 9 in Stealth
     0 | D:5      | leafyfresh the Gnoll Delver began the quest for the Orb.
     0 | D:5      | Reached XP level 1. HP: 23/23 MP: 1/1
     5 | D:5      | Noticed a jelly
    10 | D:5      | Found a bloodstained altar of Trog.
    13 | D:5      | Killed a jelly
    14 | D:5      | Reached XP level 2. HP: 29/29 MP: 1/3
    14 | D:5      | Reached XP level 3. HP: 35/35 MP: 1/4
    48 | D:5      | Noticed Edmund
    60 | D:5      | Killed from afar by Edmund

Illustrated notes

Levels and vault maps discovered:
D:5:      kennysheep_windowed_halls, layout_cave_pools, grunt_gozag_breadcrumbs,
          mainiacjoe_overflow_brackets, lemuel_crystal_altar,
          mainiacjoe_overflow_catch_the_wave, uniq_edmund, uniq_sigmund,
          uniq_blork_the_orc

Skill      XL: | |
---------------+-+-----
Stealth        | |  9.5
Fighting       | |  6.5
Short Blades   | |  4.5
Long Blades    | |  0.7
Axes           | |  0.7
Maces & Flails | |  0.7
Polearms       | |  0.7
Staves         | |  0.7
Ranged Weapons | |  0.7
Throwing       | |  0.7
Armour         | |  0.7
Dodging        | |  4.5
Shields        | |  0.7
Unarmed Combat | |  0.7
Spellcasting   | |  0.7
Conjurations   | |  0.5
Hexes          | |  0.5
Summonings     | |  0.5
Necromancy     | |  0.5
Translocations | |  0.5
Transmutations | |  0.5
Fire Magic     | |  0.5
Ice Magic      | |  0.5
Air Magic      | |  0.5
Earth Magic    | |  0.5
Poison Magic   | |  0.5
Invocations    | |  0.9
Evocations     | |  0.7

Action                     || total
---------------------------++-------
  Melee: Short sword       ||     7
   Stab: Sleeping          ||     2
  Dodge: Dodged            ||     2
